General information
- name: w
- type: Custom game
- host: darkwasp
- saver: darkwasp
map: EchoIsles
- players: 3
- length: 08:03
- speed: Fast
- version: 1.26 W3XP
- replay type: Public
» download(25 KB)
Players
team 1 (winner)
darkwasp (
gray | 128 APM | 1033 actions | 08:03)
2 Far Seer
1 Feral Spirit
1 Chain Lighting
1 Goblin Tinker
1 Pocket Factory
» actions
| Assign group hotkey | 175 | |
| Basic commands | 2 | |
| Build / train | 26 | |
| Enter build submenu | 15 | |
| Enter hero's abilities submenu | 3 | |
| Remove unit from queue | 1 | |
| Right click | 490 | |
| Select / deselect | 190 | |
| Select group hotkey | 85 | |
| Use ability | 46 | |
1033 total
» units
| Peon | 7 | |
| Wind Rider | 1 | |
| Kodo Beast | 2 | |
| Troll Batrider | 1 | |
11 total
» buildings
| Altar of Storms | 1 | |
| Orc Burrow | 4 | |
| Voodoo Lounge | 1 | |
| War Mill | 2 | |
| Stronghold | 2 | |
| Watch Tower | 1 | |
| Beastiary | 2 | |
13 total
» build order
00:06 Altar of Storms
00:10 Orc Burrow
01:38 Voodoo Lounge
01:51 War Mill
02:06 Stronghold
02:15 War Mill
02:36 Orc Burrow
03:19 Watch Tower
03:31 Orc Burrow
04:41 Beastiary
04:44 Beastiary
05:33 Orc Burrow
» items
| Lesser Clarity Potion | 2 | |
| Scroll of Speed | 2 | |
| Healing Salve | 1 | |
| Potion of Healing | 2 | |
7 total
team 2 (loser)
Truhan (
blue | 26 APM | 208 actions | 08:02)
1 Death Knight
1 Death Coil
1 Lich
1 Frost Nova
» actions
| Build / train | 21 | |
| Enter build submenu | 5 | |
| Enter hero's abilities submenu | 2 | |
| Right click | 82 | |
| Select / deselect | 80 | |
| Use ability | 18 | |
208 total
» units
| Acolyte | 5 | |
| Ghoul | 6 | |
| Crypt Fiend | 4 | |
15 total
» upgrades
» buildings
| Altar of Darkness | 1 | |
| Ziggurat | 2 | |
| Crypt | 1 | |
| Graveyard | 1 | |
| Halls of the Dead | 1 | |
6 total
» build order
00:13 Altar of Darkness
00:16 Ziggurat
00:39 Crypt
01:57 Graveyard
02:11 Ziggurat
03:47 Halls of the Dead
refereesMileS Chat log
(00:28 / All) darkwasp: going full retard
(01:31 / All) MileS: should i post the first rep
(01:39 / All) Truhan: I wouldn't
(01:44 / All) darkwasp: do it as a set
(02:00 / All) MileS: ok lol
(02:07 / All) MileS: i'll let you guys do it hahah
(05:50 / All) Truhan: eh gg
(05:57 / All) darkwasp: wheely
(06:10 / All) Truhan: where
(07:17 / All) Truhan: everything is OP but meeeeeeeeeeeeeeeeeeee
(07:28 / All) darkwasp: its just mekka gobb
(07:57 / All) Truhan: ggggggggggggg
(07:59 / All) darkwasp: ggs